 Dungeon Sprint DCSS version 0.28-a0-872-g80cf8599ee (webtiles) character file.

Game seed: 18256925116324050348

7 tatocazan the Skirmisher (level 1, 0/18 HPs)
             Began as a Demonspawn Fighter on Nov 20, 2021.
             Slain by a black bear (6 damage)
             ... in the Dungeon (Sprint IX: "|||||||||||||||||||||||||||||").
             The game lasted 00:00:10 (33 turns).

tatocazan the Skirmisher (Demonspawn Fighter)         Turns: 33, Time: 00:00:11

Health: 0/18       AC:  6    Str: 16    XL:     1   Next: 83%
Magic:  1/1        EV:  9    Int:  9    God:
Gold:   0          SH:  4    Dex: 12    Spells: 0/0 levels left

rFire   . . .      SeeInvis .   k - +2 dagger (venom)
rCold   . . .      Faith    .   c - +0 buckler
rNeg    . . .      Spirit   .   b - +0 scale mail
rPois   .          Reflect  .   (no helmet)
rElec   .          Harm     .   (no cloak)
rCorr   .          Rampage  .   (no gloves)
Will    .....      NoTele   +   (no boots)
Stlth   ..........              (no amulet)
HPRegen 0.06/turn               (no ring)
MPRegen 0.07/turn               (no ring)

@: no status effects
A: no striking features
a: no special abilities


You were in the Dungeon.
You visited 1 branch

Inventory:

Hand Weapons
 a - a +0 long sword
 k - a +2 dagger of venom (weapon)
Armour
 b - a +0 scale mail (worn)
 c - a +0 buckler (worn)
Scrolls
 j - a scroll of blinking
Potions
 d - a potion of might
 e - a potion of curing
 f - a potion of heal wounds
 g - a potion of haste
 h - 2 potions of magic
 i - a potion of berserk rage


   Skills:
 + Level 3.5 Fighting
 + Level 2.4 Long Blades
 + Level 3.2 Armour
 + Level 3.2 Shields


You couldn't memorise any spells.
You didn't know any spells.
Your spell library was empty.

Dungeon Overview and Level Annotations

Branches:
Dungeon (1/1)

Altars:


Message History

Health restored: 18 You barely miss the frilled lizard.
The frilled lizard barely misses you. The frilled lizard bites you.
You take 1 damage, and have 17/18 hp.
You hit the frilled lizard.
You kill the frilled lizard!
You slash the endoplasm!
You kill the endoplasm!
Things that are here:
a frilled lizard corpse; a ball python corpse
Things that are here:
a frilled lizard corpse; a ball python corpse
There is an open door to the Dungeon, spattered with blood here.
Things that are here:
a +2 dagger of venom; a goblin corpse
k - a +2 dagger of venom Your +2 dagger of venom begins to drip with poison!
k - a +2 dagger of venom (weapon)
Things that are here:
a frilled lizard corpse; a ball python corpse Health restored: 18 You open the door.
An iguana, a black bear, a jelly, a centaur and a dart slug come into view.
The iguana hisses angrily.
The jelly quivers.
The black bear growls angrily.
You hit the black bear.
The black bear is lightly wounded.
The black bear bites you. The black bear barely misses you.
The black bear claws you but does no damage.
You take 4 damage, and have 14/18 hp.
MASSIVE DAMAGE!!
You hit the black bear.
The black bear is lightly wounded.
The black bear bites you. The black bear closely misses you.
The black bear claws you.
You take 8 damage, and have 6/18 hp.
MASSIVE DAMAGE!!
You hit the black bear.
The black bear is moderately wounded.
The black bear bites you.
You die...

▓+▓
▓.▓
▓w▓
▓l▓
▓J▓
▓c▓
▓h▓
▓@▓
▓.▓
▓.▓
▓.▓
▓†▓
▓†▓
▓.▓
▓.▓
▓.▓


You could see a black bear, a centaur, an iguana, a jelly and a dart slug.

Vanquished Creatures
  A dart slug (D)
  An endoplasm (D)
  A goblin (D)
  A ball python (D)
  A frilled lizard (D)
5 creatures vanquished.

Notes
Turn   | Place    | Note
-------+----------+-------------------------------------------
     0 | D        | tatocazan the Demonspawn Fighter began the quest for the
                  | Orb.
     0 | D        | Reached XP level 1. HP: 18/18 MP: 1/1
     9 | D        | Banished a spatial maelstrom
    30 | D        | Noticed an iguana
    30 | D        | Noticed a jelly
    30 | D        | Noticed a centaur
    30 | D        | Noticed a black bear
    33 | D        | Slain by a black bear

Illustrated notes

Levels and vault maps discovered:
D:        linesprint [early_d, line_temple, items_1, d_10, items_2, lair_1,
          lair_end, items_3, orc_1, orc_end, items_4, d_15, swamp_1, shoals_1,
          snake_1, spider_1, d_20, vaults_1, items_5, swamp_end, shoals_end,
          snake_end, spider_end, vaults_end, d_27, items_6, zot_1, zot_end,
          crypt_end, forest_end, elf_end, slime_end, tomb_end, abyss_end,
          pan_hell_end]

Skill      XL: |  1 |
---------------+----+-----
Long Blades    | 2 |  2.4
Armour         | 3 |  3.2
Shields        | 3 |  3.2
Fighting       | |  3.5

Action                   || total
-------------------------++-------
Melee: Long sword        ||    12
       Dagger            ||     3
Armor: Scale mail        ||     3
Dodge: Dodged            ||     6
Block: Buckler           ||     1

Table legend: (Time is in decaauts)
 A = Elapsed time spent in this place.
 B = Non-inter-level travel time spent in this place.
 C = Inter-level travel time spent in this place.
 D = Time resting spent in this place.
 E = Time spent auto-exploring this place.
 F = Levels seen in this place.
 G = Mean time per level.
                   A        B        C        D        E       F      G
               +--------+--------+--------+--------+--------+-----+--------+
         Total |     36 |     36 |      0 |      0 |      0 |   1 |   36.0 |
       Dungeon |     36 |     36 |      0 |      0 |      0 |   1 |   36.0 |
               +--------+--------+--------+--------+--------+-----+--------+

Top non-repeatable levels by time:
       D: 36 daAuts
